 Dungeon Crawl Stone Soup version 0.29.1-15-g9cfb28693d (webtiles) character file.

Game seed: 16271612590526791798

4637 Carnifexus the Carver (level 10, 0/80 HPs)
             Began as a Demonspawn Fighter on Mar 23, 2023.
             Was a Priest of Okawaru.
             Slain by a very large slime creature (53 damage)
             ... on level 8 of the Dungeon.
             The game lasted 00:20:52 (9845 turns).

Carnifexus the Carver (Demonspawn Fighter)          Turns: 9845, Time: 00:20:53

Health: 0/80       AC: 13    Str: 24    XL:     10   Next: 20%
Magic:  10/10      EV: 10    Int: 10    God:    Okawaru [***...]
Gold:   406        SH: 11    Dex: 15    Spells: 9/9 levels left

rFire   . . .      SeeInvis .   a - +1 long sword (spect)
rCold   . . .      Faith    .   c - +0 buckler
rNeg    . . .      Spirit   .   e - +3 chain mail
rPois   .          Reflect  +   (helmet restricted)
rElec   .          Harm     .   (no cloak)
rCorr   .          Rampage  .   (no gloves)
Will    .....                   (no boots)
Stlth   ..........              u - amulet of reflection
HPRegen 0.23/turn               i - +6 ring of strength
MPRegen 0.12/turn               (no ring)

@: no status effects
A: hooves 2, horns 1, (demonic guardian 1), powered by death 1, demonic touch 2
a: Renounce Religion, Heroism


You were on level 8 of the Dungeon.
You worshipped Okawaru.
Okawaru was most pleased with you.
You visited 2 branches of the dungeon, and saw 9 of its levels.

You collected 406 gold pieces.

Inventory:

Hand Weapons
 a - a +1 spectral long sword (weapon)
Missiles
 o - a throwing net (quivered)
Armour
 b - a +0 scale mail
 c - a +0 buckler (worn)
 e - a +3 chain mail (worn)
 h - a +0 chain mail
 x - the +1 leather armour of Behex {Contam rC++}
   (You found it on level 7 of the Dungeon)

   rC:        It greatly protects you from cold.
   Contam:    It causes magical contamination when unequipped.
Jewellery
 i - a +6 ring of strength (left hand)
 j - a ring of poison resistance
 s - a ring of magical power
 u - an amulet of reflection (around neck)
Wands
 r - a wand of iceblast (10)
Scrolls
 f - 5 scrolls of identify
 l - a scroll of magic mapping
 m - 3 scrolls of fog
 q - a scroll of enchant weapon
 w - 2 scrolls of amnesia
Potions
 d - a potion of might
 g - a potion of attraction
 k - 2 potions of heal wounds
 n - a potion of haste
 p - a potion of flight
 t - 2 potions of curing
 v - 2 potions of magic {unknown}


   Skills:
 + Level 8.0 Fighting
 + Level 8.4 Long Blades
 + Level 7.7 Armour
 + Level 6.1 Dodging
 + Level 5.4 Stealth
 + Level 6.4 Shields


You had 9 spell levels left.
You didn't know any spells.
Your spell library contained the following spells:

 Spells                   Type           Power      Damage    Failure   Level
 Magic Dart               Conj           0%         1d3       96%         1
 Necrotise                Necr           0%         1d4       96%         1
 Sandblast                Erth           0%         2d4       96%         1
 Passwall                 Tmut/Erth      0%         N/A       99%         2
 Static Discharge         Conj/Air       0%         3-3/arc   99%         2
 Confusing Touch          Hex            0%         N/A       100%        3
 Gell's Gravitas          Tloc           0%         N/A       100%        3
 Mephitic Cloud           Conj/Pois/Air  0%         N/A       100%        3
 Portal Projectile        Hex/Tloc       0%         N/A       100%        3
 Stone Arrow              Conj/Erth      0%         3d7       100%        3
 Teleport Other           Tloc           0%         N/A       100%        3
 Vampiric Draining        Necr           0%         2d6       100%        3
 Leda's Liquefaction      Hex/Erth       0%         N/A       100%        4
 Agony                    Necr           0%         N/A       100%        5
 Lightning Bolt           Conj/Air       0%         1d11      100%        5
 Yara's Violent Unravell  Hex/Tmut       0%         3d3       100%        5
 Dispersal                Tloc           0%         N/A       100%        6
 Enfeeble                 Hex            0%         N/A       100%        7
 Maxwell's Capacitive Co  Air            0%         ∞         100%        8
 Summon Small Mammal      Summ           Unusable   N/A       N/A         1
 Call Imp                 Summ           Unusable   N/A       N/A         2
 Call Canine Familiar     Summ           Unusable   N/A       N/A         3

Dungeon Overview and Level Annotations

Branches:
Dungeon (8/15)             Temple (1/1) D:4
   Lair: D:8-11

Altars:
Ashenzari
Cheibriados
Dithmenos
Fedhas
Hepliaklqana
Makhleb
Nemelex Xobeh
Okawaru
Qazlal
Ru
Trog
Uskayaw
Vehumet
Wu Jian
Xom

Shops:
D:3 [


Innate Abilities, Weirdness & Mutations

You have hoof-like feet.
You have a pair of small horns on your head.
((A weak demonic guardian rushes to your aid.))
You regenerate a little health from kills.
Your touch may inflict irresistible damage on your foes.


Message History

You barely miss the large slime creature.
You kick the large slime creature.
The large slime creature is lightly wounded.
You hit the large slime creature.
You kick the large slime creature, but do no damage.
The large slime creature is lightly wounded.
The large slime creature hits you!!
You completely miss the large slime creature.
The large slime creature is lightly wounded.
The large slime creature closely misses you.
You slash the large slime creature!
Your kick misses the large slime creature.
The large slime creature is lightly wounded.
Two slime creatures merge to form a very large slime creature.
You hit the very large slime creature.
The very large slime creature is lightly wounded.
The endoplasm jiggles.
You hit the very large slime creature.
Your kick misses the very large slime creature.
You headbutt the very large slime creature.
The very large slime creature is lightly wounded.
You block the very large slime creature's attack.
You slash the very large slime creature!
You headbutt the very large slime creature!
The very large slime creature is moderately wounded.
The very large slime creature closely misses you.
You slash the very large slime creature!
You kick the very large slime creature.
The very large slime creature is moderately wounded.
The very large slime creature closely misses you.
Unknown command.
You completely miss the very large slime creature.
The very large slime creature is moderately wounded.
The very large slime creature hits you!
You hit the very large slime creature. You kick the very large slime creature.
You headbutt the very large slime creature.
The very large slime creature is heavily wounded.
The very large slime creature hits you!!!
Ouch! That really hurt!
You die...

#.# ########## ##.#
?..P.....# ####..#
.P.P.J...#
.<.#.####
.J.J.....#
##......#
.P.J.P..÷#
.###.##.#
...P.JJJJ#
.....##.#
.....J.JJ#
.>......# #######J#
.##########...).@##
.## #.######## ..##
##..'....# #..#
####....# ##.#
#.......# ##.####
#.......# .#....#
#.......# ...##.###
#.......#
##......####.....##


You could see a very large slime creature, a jelly and 3 endoplasms.

Vanquished Creatures
  A two-headed ogre (D:8)
  5 yaks (D:6)
  An orc warrior (D:3)
  An ice beast (D:6)
  2 black bears
  2 ogres
  A phantom (D:6)
  A centaur (D:6)
  5 kobold brigands
  A scorpion (D:5)
  3 bullfrogs (D:7)
  A gnoll sergeant (D:7)
  3 necrophages
  A howler monkey (D:6)
  6 hounds
  2 jellies
  5 orc priests
  7 orc wizards
  14 gnolls
  6 adders
  A shadow imp (D:7)
  A worm (D:3)
  2 dart slugs
  31 orcs
  8 endoplasms
  3 giant cockroaches
  7 hobgoblins
  10 jackals
  23 kobolds
  4 quokkas
  2 ball pythons (D:1)
  2 bats (D:1)
  2 frilled lizards
  9 goblins
  2 rats
  2 bushes (Temple)
177 creatures vanquished.

Vanquished Creatures (collateral kills)
  An orc wizard (D:4)
  2 orcs (D:4)
3 creatures vanquished.

Vanquished Creatures (others)
  A fungus (D:8)
  A plant (Temple)
  10 toadstools (D:8)
12 creatures vanquished.

Grand Total: 192 creatures vanquished

Notes
Turn   | Place    | Note
-------+----------+-------------------------------------------
     0 | D:1      | Carnifexus the Demonspawn Fighter began the quest for the
                  | Orb.
     0 | D:1      | Reached XP level 1. HP: 18/18 MP: 1/1
   406 | D:1      | Discovered your monstrous ancestry.
   406 | D:1      | Gained mutation: Your touch may inflict minor irresistible
                  | damage on your foes. [demonic ancestry]
   406 | D:1      | Reached XP level 2. HP: 24/24 MP: 2/2
   759 | D:1      | Found a faded altar of an unknown god.
   766 | D:1      | Got Plato's Discursus on Allies
  1131 | D:1      | Gained mutation: You have large cloven feet. [demonic
                  | ancestry]
  1131 | D:1      | Reached XP level 3. HP: 27/29 MP: 3/3
  2232 | D:2      | Gained mutation: Your touch may inflict irresistible damage
                  | on your foes. [demonic ancestry]
  2232 | D:2      | Reached XP level 4. HP: 35/35 MP: 4/4
  2460 | D:3      | Found Setsaty's Armour Emporium.
  2848 | D:3      | HP: 1/35 [orc priest/+0 trident (2)]
  3251 | D:3      | Noticed an orc warrior
  3300 | D:3      | HP: 1/35 [orc priest/divine providence (13)]
  3309 | D:3      | Reached skill level 5 in Fighting
  3309 | D:3      | Reached skill level 5 in Long Blades
  3309 | D:3      | Reached skill level 5 in Armour
  3309 | D:3      | Reached skill level 5 in Shields
  3309 | D:3      | Gained mutation: You have a pair of small horns on your
                  | head. [demonic ancestry]
  3309 | D:3      | Reached XP level 5. HP: 2/46 MP: 5/5
  3378 | D:3      | HP: 2/46 [orc priest/+0 flail (3)]
  3760 | D:3      | Found a blossoming altar of Fedhas.
  3776 | D:3      | Reached XP level 6. HP: 52/52 MP: 6/6
  4112 | D:3      | Found a sacrificial altar of Ru.
  4187 | D:3      | Killed an orc warrior
  4288 | D:4      | Found a staircase to the Ecumenical Temple.
  4651 | D:4      | Reached XP level 7. HP: 57/57 MP: 7/7
  5125 | Temple   | Entered the Ecumenical Temple
  5194 | Temple   | Became a worshipper of Warmaster Okawaru
  5438 | D:5      | Entered Level 5 of the Dungeon
  5547 | D:5      | Reached skill level 5 in Dodging
  5547 | D:5      | Reached skill level 5 in Stealth
  5547 | D:5      | Gained mutation: You have hoof-like feet. [demonic
                  | ancestry]
  5547 | D:5      | Reached XP level 8. HP: 26/67 MP: 8/8
  5686 | D:5      | Reached * piety under Okawaru
  6335 | D:5      | Found a shadowy altar of Dithmenos.
  7006 | D:6      | Gained mutation: A weak demonic guardian rushes to your
                  | aid. [demonic ancestry]
  7006 | D:6      | Reached XP level 9. HP: 50/72 MP: 9/9
  7028 | D:6      | Reached ** piety under Okawaru
  7971 | D:6      | Found a sparkling altar of Nemelex Xobeh.
  8256 | D:7      | Found an iron altar of Okawaru.
  8918 | D:7      | Found a broken altar of Ashenzari.
  8942 | D:7      | Reached *** piety under Okawaru
  9254 | D:7      | Found a stormy altar of Qazlal.
  9254 | D:7      | Found a radiant altar of Vehumet.
  9255 | D:7      | Identified the +1 leather armour of Behex {Contam rC++}
  9277 | D:7      | Found a faded altar of an unknown god.
  9279 | D:7      | Found a snail-covered altar of Cheibriados.
  9280 | D:7      | Found a faded altar of an unknown god.
  9401 | D:8      | Noticed a two-headed ogre
  9412 | D:8      | Killed a two-headed ogre
  9412 | D:8      | Received a gift from Okawaru
  9413 | D:8      | Gained mutation: You regenerate a little health from kills.
                  | [demonic ancestry]
  9413 | D:8      | Reached XP level 10. HP: 12/80 MP: 10/10
  9845 | D:8      | Slain by a very large slime creature

Illustrated notes

Levels and vault maps discovered:
D:1:      giann_wishing_wells, layout_basic,
          shapermc_ecumenical_altar_rom_forum, minmay_misc_feat_five
D:2:      layout_loops_cross, grunt_ministairs_14,
          nicolae_elevator_lobby_asterisk
D:3:      layout_loops_corners, mainiacjoe_overflow_paths,
          mainiacjoe_overflow_alcove_1, serial_shops, nicolae_shop_statue_plus
D:4:      layout_basic, minmay_temple_entry_glassed_door, corexii_shack
D:5:      layout_cave_pools, gammafunk_temple_overflow_statue, serial_rivers,
          chequers_serial_rivers_small_3, chequers_serial_rivers_micro_b,
          chequers_serial_rivers_marsh, chequers_serial_rivers_large_b,
          kennysheep_crisscross
D:6:      layout_basic, mainiacjoe_overflow_catwalk, nicolae_underground_beach
D:7:      layout_loops_corners, chequers_temple_overflow_minitemple,
          hangedman_feature_mirror
D:8:      cheibrodos_fertilizer, layout_rooms,
          lemuel_mausoleum_altar_kikubaaqudgha, david_lair_shrubbed
Temple:   jpeg_temple_alley_garden

Skill      XL: |  1  2  3  4  5  6  7  8  9 |
---------------+----------------------------+-----
Long Blades    | 2 3 5 7 8 |  8.4
Armour         | 3 5 7 |  7.7
Shields        | 5 6 |  6.4
Fighting       | 5 7 8 |  8.0
Dodging        | 4 5 6 |  6.1
Stealth        | 4 5 |  5.4

Action                   |  1- 3 |  4- 6 |  7- 9 | 10-12 || total
-------------------------+-------+-------+-------+-------++-------
Melee: Long sword        |   116 |    86 |   250 |    28 ||   480
       Kick              |     5 |    21 |   105 |    13 ||   144
       Headbutt          |       |     7 |    64 |     5 ||    76
  Use: Scroll            |       |     9 |     5 |       ||    14
       Potion            |       |     4 |     6 |       ||    10
 Stab: Distracted        |       |       |     1 |       ||     1
Armor: Scale mail        |    55 |     5 |       |       ||    60
       Chain mail        |       |    32 |   111 |     4 ||   147
Dodge: Dodged            |    53 |    17 |    76 |     8 ||   154
Block: Buckler           |    33 |    18 |   102 |    11 ||   164
       Reflection        |       |       |     3 |     4 ||     7
